Map: Rorschach LE

Players

Railgan - Winner!

  • Race: Zerg Zerg
  • League: Grandmaster
  • Spawn Location: 5:00

IIIIIIIIIIII

  • Race: Protoss Protoss
  • Spawn Location: 7:00

VOD

Have the link to the VOD?

Description

Time

  • Played on: July 14, 2026, 4:03 p.m.
  • Length: 11:44
Show
View Real Time Build Order
Export as new Build Order

Railgan Zerg - Winner!

Build Orders: Pool First, Swarm Host 

Get SALT Encoding   

  8  0:00  Drone  
  9  0:11  Drone  
  10  0:16  Drone  
  11  0:21  Drone  
  12  0:35  Extractor, Drone  
  12  0:36  Extractor  
  12  0:38  Drone  
  14  0:47  Overlord  
  14  1:03  Spawning Pool  
  13  1:06  Drone  
  13  1:09  Drone  
  15  1:11  Extractor  
  15  1:14  Drone  
  15  1:20  Drone  
  16  1:32  Extractor  
  15  1:35  Drone  
  17  1:48  Overlord  
  17  1:50  Queen  
  17  1:51  Zergling x2  
  20  2:03  Extractor, Drone  
  20  2:12  Drone  
  21  2:21  Drone  
  22  2:26  Lair  
  22  2:32  Drone  
  23  2:41  Drone  
  24  2:46  Metabolic Boost  
  24  2:49  Overlord  
  24  2:58  Drone  
  24  2:59  Drone  
  24  3:03  Overlord  
  26  3:10  Drone  
  26  3:12  Drone  
  28  3:28  Infestation Pit  
  28  3:33  Zergling x2  
  28  3:34  Zergling x6, Nydus Network  
  30  3:43  Drone  
  30  3:46  Spore Crawler  
  30  3:49  Queen  
  30  3:54  Overlord  
  32  4:09  Swarm Host x2  
  35  4:13  Swarm Host  
  41  4:24  Zergling x2  
  41  4:25  Zergling x2  
  43  4:33  Zergling x2  
  43  4:34  Nydus Canal  
  44  4:44  Zergling x6  
  47  4:53  Zergling x2  
  48  5:01  Nydus Canal  
  48  5:05  Zergling x2  
  48  5:10  Zergling x2  
  43  5:23  Zergling x4  
  43  5:27  Nydus Canal  
  42  5:35  Queen  
  33  5:47  Hatchery  
  31  5:57  Swarm Host x4  
  42  6:19  Zergling x4  
  42  6:20  Overlord  
  42  6:23  Nydus Canal  
  44  6:47  Nydus Canal  
  44  6:53  Drone  
  45  6:59  Zergling x6  
  45  7:01  Zergling x2  
  48  7:03  Swarm Host  
  48  7:04  Swarm Host  
  53  7:17  Swarm Host  
  56  7:29  Overlord x2  
  56  7:33  Hydralisk Den  
  55  7:41  Overlord  
  55  7:42  Drone, Overlord  
  56  7:48  Zergling x2  
  57  7:58  Nydus Canal  
  55  8:08  Drone x8  
  62  8:16  Nydus Canal  
  62  8:19  Zergling x4  
  61  8:36  Zergling x2  
  61  8:37  Zergling x6  
  65  8:41  Drone  
  65  8:42  Drone  
  66  8:51  Zergling x4  
  68  8:57  Swarm Host x3  
  77  9:05  Zergling x2  
  77  9:09  Zergling x4  
  79  9:31  Overlord  
  79  9:32  Zergling x2  
  79  9:35  Overlord  
  79  9:41  Zergling x2  
  79  9:45  Overlord  
  80  9:49  Overlord  
  80  9:54  Nydus Canal  
  80  9:57  Zergling x2  
  79  10:03  Zergling x2  
  75  10:08  Zergling x2  
  74  10:18  Swarm Host  
  74  10:19  Swarm Host x4  
  85  10:28  Zergling x2  
  85  10:32  Extractor  
  85  10:33  Extractor, Grooved Spines, Hydralisk  
  84  10:36  Zergling x2  
  84  10:39  Hatchery  
  84  10:41  Baneling Nest  
  84  10:42  Drone, Spine Crawler  
  83  10:43  Spine Crawler  
  83  10:44  Spine Crawler  
  80  11:00  Zergling x2  
  80  11:01  Zergling x2  
  80  11:02  Nydus Canal  
  82  11:05  Hydralisk x2  
  82  11:06  Hydralisk  
  88  11:15  Hydralisk  
  90  11:19  Zergling x2  
  90  11:20  Zergling x4  
Show
View Real Time Build Order
Export as new Build Order

IIIIIIIIIIII Protoss 

Build Orders: Phoenix Opening 

Get SALT Encoding   

  8  0:00  Probe (Chrono Boost)  
  9  0:13  Probe (Chrono Boost)  
  10  0:18  Probe (Chrono Boost)  
  11  0:28  Pylon  
  11  0:32  Probe  
  12  0:44  Probe  
  13  0:54  Gateway  
  13  0:56  Probe (Chrono Boost)  
  14  1:03  Assimilator  
  14  1:09  Probe (Chrono Boost)  
  15  1:17  Probe (Chrono Boost)  
  16  1:23  Probe  
  17  1:37  Probe  
  18  1:41  Cybernetics Core  
  18  1:47  Pylon  
  18  1:49  Probe  
  19  2:01  Probe  
  20  2:11  Gateway  
  21  2:16  Stalker (Chrono Boost)  
  21  2:18  Warp Gate  
  22  2:23  Probe  
  22  2:37  Stalker  
  24  2:51  Nexus  
  24  2:58  Assimilator  
  24  2:59  Probe  
  25  3:09  Sentry  
  25  3:11  Probe  
  28  3:15  Phoenix  
  28  3:23  Probe  
  29  3:27  Pylon  
  29  3:37  Robotics Facility  
  29  3:45  Probe  
  30  3:57  Probe  
  31  4:04  Probe  
  31  4:08  Stalker x2  
  31  4:09  Probe  
  37  4:10  Gateway  
  37  4:16  Probe  
  38  4:18  Pylon  
  38  4:21  Probe  
  39  4:25  Observer (Chrono Boost)  
  39  4:28  Probe  
  41  4:34  Probe  
  42  4:40  Probe  
  47  4:46  Probe  
  47  4:52  Probe  
  47  4:54  Shield Battery  
  47  4:58  Probe  
  48  5:06  Pylon  
  48  5:11  Probe  
  40  5:14  Probe  
  40  5:17  Stalker x3  
  45  5:23  Probe  
  45  5:26  Probe  
  44  5:35  Probe  
  44  5:39  Probe  
  44  5:43  Robotics Facility  
  44  5:48  Probe  
  44  5:51  Probe, Zealot  
  44  5:52  Stalker  
  46  6:00  Probe  
  47  6:07  Pylon  
  47  6:11  Probe  
  47  6:14  Probe  
  47  6:16  Assimilator  
  47  6:17  Assimilator  
  49  6:23  Probe  
  50  6:27  Probe  
  50  6:28  Warp Prism (Chrono Boost)  
  53  6:35  Probe  
  53  6:37  Twilight Council  
  53  6:39  Probe  
  55  6:42  Forge  
  55  6:48  Probe  
  55  6:52  Stalker x2  
  50  7:03  Probe  
  50  7:04  Adept  
  51  7:10  Probe  
  51  7:13  Blink (Chrono Boost)  
  51  7:15  Probe  
  53  7:22  Probe (Chrono Boost)  
  54  7:26  Protoss Ground Weapons Level 1 (Chrono Boost)  
  54  7:28  Probe (Chrono Boost)  
  55  7:34  Probe (Chrono Boost)  
  56  7:39  Probe (Chrono Boost)  
  56  7:41  Probe (Chrono Boost)  
  56  7:43  Probe (Chrono Boost)  
  58  7:48  Probe  
  58  7:53  Probe  
  58  7:54  Stalker x3  
  58  8:06  Pylon  
  58  8:20  Pylon  
  58  8:21  Pylon  
  58  8:24  Probe x2  
  60  8:40  Probe  
  57  8:47  Pylon  
  57  8:51  Probe  
  57  8:52  Probe  
  58  8:56  Pylon  
  58  9:02  Gateway  
  58  9:04  Gateway  
  58  9:07  Zealot  
  60  9:13  Cybernetics Core  
  60  9:25  Probe  
  60  9:31  Probe  
  56  9:46  Probe  
  56  9:49  Gateway  
  56  9:50  Gateway  
  56  9:51  Probe  
  58  9:57  Stalker  
  58  9:58  Probe  
  59  10:07  Stalker x2  
  58  10:16  Probe  
  58  10:19  Gateway  
  58  10:20  Gateway  
  52  10:31  Sentry x3  
  58  11:00  Stalker x3  
  58  11:04  Shield Battery  
  64  11:08  Probe  
  57  11:20  Probe  
  58  11:29  Zealot x2  
  58  11:31  Zealot  
Tags
 
Add a new tag
Caveats
  • Supply blocks, unpowered buildings, or Contaminate may cause inaccurate times.
  • Supply counts are checked every 10 seconds.